 Dungeon Crawl Stone Soup version 0.21-a0-351-g38363bb (webtiles) character file.

21 Dfrag the Firebug (level 2, -2/19 HPs)
             Began as a Demonspawn Fire Elementalist on Oct 10, 2017.
             Slain by Terence
             ... wielding a +0 falchion
              (5 damage)
             ... on level 1 of the Dungeon.
             The game lasted 00:02:18 (991 turns).

Dfrag the Firebug (Demonspawn Fire Elementalist)     Turns: 991, Time: 00:02:19

Health: -2/19      AC:  5    Str:  8    XL:     2   Next: 62%
Magic:  1/5        EV: 12    Int: 21    God:
Gold:   10         SH:  0    Dex: 13    Spells: 4/5 levels left

rFire    . . .     SeeInvis .   g - -1 dagger (curse)
rCold    . . .     Gourm    .   (no shield)
rNeg     . . .     Faith    .   i - +0 robe (curse)
rPois    .         Spirit   .   o - +1 helmet
rElec    .         Reflect  .   k - +0 cloak
rCorr    .         Harm     .   (no gloves)
MR       .....                  (no boots)
Stlth    ++........             (no amulet)
HPRegen  0.06/turn              (no ring)
MPRegen  0.09/turn              (no ring)

@: brilliant
A: claws 1
a: no special abilities


You were on level 1 of the Dungeon.
You were hungry.

You visited 1 branch of the dungeon, and saw 2 of its levels.

You collected 10 gold pieces.

Inventory:

Hand Weapons
 g - a cursed -1 dagger (weapon)
Armour
 a - a +0 robe
 i - a cursed +0 robe (worn)
 k - a +0 cloak (worn)
 o - a +1 helmet (worn)
Scrolls
 e - 2 scrolls of identify {unknown}
 h - a scroll of remove curse {unknown}
 j - a scroll of enchant weapon {unknown}
 m - a scroll of teleportation {unknown}
 n - a scroll of noise {unknown}
Potions
 p - a potion of invisibility
Books
 b - a book of Flames

   Spells                             Type                      Level
   a - Flame Tongue                   Conjuration/Fire             1
   b - Throw Flame                    Conjuration/Fire             2
   c - Conjure Flame                  Conjuration/Fire             3
   d - Inner Flame                    Hexes/Fire                   3
   e - Sticky Flame                   Conjuration/Fire             4
   f - Fireball                       Conjuration/Fire             5
Comestibles
 c - 3 bread rations


   Skills:
 - Level 1.7 Dodging
 - Level 1.7 Stealth
 + Level 2.3 Spellcasting
 + Level 1.6 Conjurations
 + Level 3.0 Fire Magic


You had 4 spell levels left.
You knew the following spells:

 Your Spells              Type           Power        Failure   Level  Hunger
a - Flame Tongue          Conj/Fire      ####.        1%          1    None


Dungeon Overview and Level Annotations

Branches:
Dungeon (2/15)

Altars:

Annotations:
D:1 Terence


Innate Abilities, Weirdness & Mutations

You have sharp fingernails.


Message History

Terence is severely wounded.
Terence barely misses you.
You barely miss Terence.
Terence is severely wounded.
Terence closely misses you.
You closely miss Terence.
Terence is severely wounded.
Terence hits you with a falchion.
* * * LOW HITPOINT WARNING * * *
You hit Terence.
Terence is almost dead.
Terence hits you with a falchion.
* * * LOW HITPOINT WARNING * * *
You hit Terence but do no damage.
Terence is almost dead.
Terence closely misses you.
You barely miss Terence.
Terence is almost dead.
Terence hits you with a falchion.
You die...

.#.#..........#####.##.#
.#.#..........'........#
.#.#..........#####.####
.#............+..##.#
.####.........##.##.#
............####.##.#
...)........####.##.#
............'.##.##.#
............#..@@.#.#
..#.........#######.#
............'.......#
...##.......#########
...##.......##
....)........#
.............#
.##...†......#
.##..........#


You could see Terence.

Vanquished Creatures
  A leopard gecko (D:1)
  2 giant cockroaches (D:1)
  4 hobgoblins (D:1)
  A ball python (D:1)
  2 bats (D:2)
  2 frilled lizards (D:1)
  3 goblins
  5 rats (D:1)
20 creatures vanquished.

Notes
Turn   | Place    | Note
-------+----------+-------------------------------------------
     0 | D:1      | Dfrag the Demonspawn Fire Elementalist began the quest for the Orb.
     0 | D:1      | Reached XP level 1. HP: 13/13 MP: 3/3
   230 | D:1      | Gained mutation: You have sharp fingernails. [demonic ancestry]
   230 | D:1      | Reached XP level 2. HP: 10/19 MP: 0/5
   550 | D:1      | Reached skill level 3 in Fire Magic
   908 | D:2      | Noticed Terence
   991 | D:1      | Slain by Terence

Vault maps used:
D:1:      dpeg_arrival_boxorama
D:2:      grunt_decor_fettered, grunt_ministairs_15, guppyfry_early_orc_mine,
          uniq_terence, uniq_sigmund

Skill      XL: |  1  2 |
---------------+-------+-----
Fire Magic     | 3 |  3.0
Dodging        | |  1.7
Stealth        | |  1.7
Spellcasting   | |  2.3
Conjurations   | |  1.6

Action                   || total
-------------------------++-------
Melee: Unarmed           ||     3
       Dagger            ||    19
 Cast: Flame Tongue      ||    34
  Use: Potion            ||     6
Armor: Robe              ||     8
Dodge: Dodged            ||    35

Table legend:
 A = Spawn XP
 B = Non-spawn XP
 C = Spawn XP percentage of total XP
 D = Spawn monster count
 E = Non-spawn monster count
 F = Spawn count percentage of total count
 G = Total turns spent on level
                    A         B        C        D         E        F      G
               +---------+---------+-------+---------+---------+-------+---------
         Total |       0 |      30 |   0.0 |       0 |      20 |   0.0 |   991
               +---------+---------+-------+---------+---------+-------+---------
           D:1 |       0 |      26 |   0.0 |       0 |      17 |   0.0 |   983
           D:2 |       0 |       4 |   0.0 |       0 |       3 |   0.0 |     8
               +---------+---------+-------+---------+---------+-------+---------
